Map: Arctic Dream LE

Players

qqq - Winner!

  • Race: Zerg Zerg
  • League: Platinum
  • Spawn Location: 6:00

Massa - Winner!

  • Race: Terran Terran
  • League: Platinum
  • Spawn Location: 5:00

XxFETTESAUxX

  • Race: Terran Terran
  • League: Diamond
  • Spawn Location: 11:00

catnip

  • Race: Zerg Zerg
  • Spawn Location: 12:00

VOD

Have the link to the VOD?

Description

Time

  • Played on: Jan. 4, 2021, 4:12 p.m.
  • Length: 5:49
Show
View Real Time Build Order
Export as new Build Order

qqq Zerg - Winner!

Build Orders: Hatch First 

Get SALT Encoding   

  12  0:06  Drone  
  13  0:09  Drone  
  14  0:18  Overlord  
  14  0:44  Hatchery  
  14  0:47  Drone  
  14  0:52  Drone  
  14  0:55  Drone  
  17  1:04  Drone  
  17  1:31  Drone  
  17  1:32  Drone x2, Extractor, Spawning Pool  
  18  1:47  Drone  
  19  1:57  Drone  
  19  2:00  Drone  
  21  2:05  Drone  
  22  2:16  Drone  
  22  2:18  Overlord  
  22  2:19  Queen x2  
  22  2:21  Drone  
  28  2:32  Overlord  
  28  2:37  Extractor  
  28  2:39  Drone x2  
  28  2:40  Zergling x2  
  28  2:43  Metabolic Boost  
  31  2:51  Zergling x2  
  31  2:52  Zergling x2  
  32  3:01  Roach Warren  
  31  3:06  Zergling x2  
  31  3:08  Zergling x2  
  31  3:12  Zergling x2  
  34  3:14  Overlord  
  34  3:21  Zergling x2  
  34  3:22  Zergling x2  
  36  3:35  Zergling x2  
  36  3:36  Zergling x4  
  36  3:37  Zergling x2  
  36  3:38  Zergling x6  
  43  3:41  Lair  
  43  3:43  Roach  
  43  3:46  Roach  
  47  3:52  Roach  
  49  3:56  Drone  
  49  3:58  Roach  
  52  4:07  Overlord x3  
  52  4:13  Overlord  
  52  4:18  Extractor  
  50  4:41  Roach  
  50  4:42  Roach  
  50  4:43  Roach x3  
  59  4:56  Roach  
  59  4:57  Drone  
  59  4:58  Drone x3, Overlord  
  59  4:59  Overlord x2  
  62  5:15  Roach  
  62  5:16  Roach  
  66  5:22  Roach  
  66  5:23  Roach  
Show
View Real Time Build Order
Export as new Build Order

Massa Terran - Winner!

Build Orders: 2 Factory, Hellion Opening 

Get SALT Encoding   

  12  0:00  SCV  
  13  0:13  SCV  
  14  0:17  Supply Depot  
  14  0:25  SCV  
  15  0:38  SCV  
  15  0:39  Barracks  
  16  0:46  Refinery  
  16  0:50  SCV  
  17  1:02  SCV  
  18  1:11  Refinery  
  18  1:14  SCV  
  18  1:15  Supply Depot  
  19  1:30  Orbital Command  
  19  1:44  Factory, Marine  
  20  1:55  SCV  
  21  2:03  Factory  
  21  2:06  Marine  
  22  2:14  SCV  
  23  2:26  SCV  
  23  2:27  Barracks Reactor  
  23  2:28  Factory Tech Lab  
  24  2:39  SCV  
  25  2:48  Command Center  
  25  2:50  Infernal Pre-Igniter  
  25  2:56  Hellion  
  27  3:10  Hellion x2  
  31  3:13  Barracks Tech Lab  
  31  3:16  Supply Depot  
  31  3:20  Supply Depot  
  31  3:38  SCV, Hellion x2  
  31  3:40  Hellion  
  38  3:45  Supply Depot  
  38  3:50  SCV  
  39  3:59  Hellion x2  
  43  4:04  SCV  
  43  4:09  Orbital Command  
  46  4:24  Hellion x3  
  50  4:38  SCV x2  
  52  4:44  Starport  
  54  4:45  Hellion  
  54  4:50  SCV  
Show
View Real Time Build Order
Export as new Build Order

XxFETTESAUxX Terran 

Build Orders: Reaper Expand 

Get SALT Encoding   

  12  0:00  SCV  
  13  0:12  SCV  
  14  0:17  Supply Depot  
  14  0:24  SCV  
  15  0:39  SCV  
  15  0:40  Barracks  
  16  0:44  Refinery  
  16  0:51  SCV  
  17  1:43  Orbital Command  
  17  1:51  Reaper  
  17  1:53  Barracks  
  18  1:56  Command Center  
  18  2:09  SCV  
  18  2:15  Refinery  
  19  2:27  Supply Depot  
  19  2:29  SCV, Barracks Tech Lab  
  20  2:35  Factory  
  20  2:41  SCV  
  21  2:45  Barracks Tech Lab  
  21  2:50  Marine  
  22  2:58  Stimpack  
  22  3:02  SCV  
  24  3:08  Marine  
  25  3:14  SCV, Marauder  
  27  3:30  Orbital Command  
  27  3:31  SCV  
  28  3:35  Starport  
  28  3:37  Marine  
  29  3:43  SCV  
  30  3:48  Factory Reactor  
  30  3:50  Marine  
  31  3:57  SCV  
  31  3:58  SCV  
  33  4:12  SCV x2  
  34  4:19  Barracks, Marauder  
  34  4:21  Marauder  
  38  4:24  SCV  
  39  4:35  Liberator  
  39  4:37  Medivac  
  44  4:38  Factory Tech Lab  
  44  4:40  Marine  
  44  4:42  Marine  
  46  4:50  Supply Depot  
  46  5:07  SCV  
  46  5:08  SCV  
  46  5:09  Marine  
  46  5:11  Marine  
  46  5:12  Marauder  
Show
View Real Time Build Order
Export as new Build Order

catnip Zerg 

Build Orders: Hatch First 

Get SALT Encoding   

  12  0:00  Drone  
  13  0:12  Overlord  
  13  0:17  Drone  
  14  0:31  Drone x2  
  16  0:36  Drone  
  17  0:52  Hatchery  
  17  0:56  Drone  
  17  0:59  Extractor  
  16  1:12  Spawning Pool  
  16  1:15  Drone  
  16  1:18  Drone  
  17  1:29  Drone x2  
  19  1:42  Overlord  
  19  1:59  Queen  
  19  2:01  Metabolic Boost  
  21  2:04  Queen  
  23  2:13  Drone x3  
  26  2:17  Zergling x2  
  26  2:18  Zergling x2  
  28  2:24  Drone  
  29  2:40  Hatchery  
  28  2:46  Drone x2  
  30  2:52  Drone x3  
  33  2:59  Overlord  
  33  3:02  Drone  
  34  3:09  Queen  
  36  3:18  Drone x4  
  36  3:19  Drone  
  41  3:20  Drone  
  41  3:22  Drone  
  43  3:35  Roach Warren  
  43  3:38  Overlord x2  
  43  3:40  Drone x2  
  44  3:55  Queen  
  44  3:56  Overlord  
  44  3:57  Drone  
  44  3:58  Drone x4  
  44  4:02  Spore Crawler x2  
  50  4:05  Spore Crawler  
  48  4:21  Drone x4  
  48  4:22  Drone x5  
  57  4:25  Extractor  
  57  4:27  Extractor  
  26  4:46  Zergling x2  
  26  4:47  Zergling x16  
Tags
 
Add a new tag
Caveats
  • Supply blocks, unpowered buildings, or Contaminate may cause inaccurate times.
  • Supply counts are checked every 10 seconds.